 Dungeon Crawl Stone Soup version 0.15-a0-995-gc8af7eb (webtiles) character file.

4 Bloax the Insei (level 1, -2/21 HPs)
             Began as a Naga Monk on May 24, 2014.
             Slain by an adder (4 damage)
             ... on Level 2 of the Dungeon.
             The game lasted 00:00:58 (188 turns).

Bloax the Insei (Naga Monk)                          Turns: 188, Time: 00:00:58

HP  -2/21        AC  1     Str 13      XL: 1   Next: 70%
MP   1/1         EV 10     Int 10      God:
Gold 51          SH  0     Dex 13      Spells:  0 memorised,  0 levels left

rFire  . . .     SeeInvis +       - Unarmed
rCold  . . .     Clarity  .     a - +0 robe
rNeg   . . .     Conserve .     (no shield)
rPois  +         rCorr    .     (no helmet)
rElec  .         rRot     .     (no cloak)
SustAb .         Spirit   .     (no gloves)
rMut   .         Warding  .     (no barding)
Gourm  .         Stasis   .     (no amulet)
MR     .....                    (no ring)
                                (no ring)

@: short of breath, very slow, not resistant to hostile enchantments, unstealthy
A: spit poison, see invisible, deformed body, poison resistance, slowness 2
a: Spit Poison


You were on level 2 of the Dungeon.
You were not hungry.

You visited 1 branch of the dungeon, and saw 2 of its levels.

You collected 51 gold pieces.


Innate Abilities, Weirdness & Mutations

You cannot wear boots.
You can spit poison.
You have supernaturally acute eyesight.
Armour fits poorly on your strangely shaped body.
Your system is resistant to poisons.
You cover ground very slowly.


   Skills:
 - Level 3.0 Fighting
 + Level 2.6 Dodging
 - Level 3.0 Stealth
 + Level 4.1 Unarmed Combat


You couldn't memorise any spells.
You didn't know any spells.

Dungeon Overview and Level Annotations

Branches:
Dungeon (2/15)

Altars:

Inventory:

Armour
 a - a +0 robe (worn)
Comestibles
 b - a bread ration
 d - a meat ration
Scrolls
 e - a scroll of enchant weapon II {unknown}
 f - a scroll of fear {unknown}
 g - a scroll of teleportation {unknown}
Potions
 c - a potion of might {unknown}

### #......(.
#.........
#..........
#>..........
#...........
#...........
#..SK........
#...@........
#............
###.######### #....#
#####.########
#............#
#............#######
#.....%..)........#.
#............####...


You could see an adder and a kobold.


Message History

Eat one of 4 sultanas? (ye/n/q/i?) That sultana was delicious... but very small.
Eat one of 3 sultanas? (ye/n/q/i?) That sultana was delicious... but very small.
Eat one of 2 sultanas? (ye/n/q/i?) That sultana was delicious... but very small.
Eat a sultana? (ye/n/q/i?) That sultana was delicious... but very small.
Autopickup is now on.
A kobold comes into view. It is wielding a dagger.
Use which ability? (? or * to list)
Aim: a kobold, wielding a dagger The splash of poison hits the kobold.
The kobold is poisoned.
You kill the kobold!
You feel slightly more hungry.
A giant newt comes into view.
You have got your breath back.
You see here a dagger.
The giant newt bites you.
You hit the giant newt but do no damage.
The giant newt bites you.
You closely miss the giant newt. The giant newt bites you.
You miss the giant newt. The giant newt barely misses you.
You hit the giant newt.
The giant newt is severely wounded.
The giant newt closely misses you.
You barely miss the giant newt.
The giant newt is severely wounded.
The giant newt barely misses you.
You hit the giant newt.
You kill the giant newt!
You see here a giant newt corpse.
A giant newt comes into view.
Found a stone staircase leading down.
A giant newt comes into view.
You closely miss the giant newt. You closely miss the giant newt.
The giant newt bites you.
You miss the giant newt. The giant newt closely misses you.
You miss the giant newt. The giant newt misses you.
You miss the giant newt. The giant newt barely misses you.
You punch the giant newt!
You kill the giant newt!
A kobold comes into view. It is wielding a dagger.
Use which ability? (? or * to list)
Aim: a giant newt The splash of poison misses the giant newt.
You feel slightly more hungry.
The kobold shouts!
Unknown command.
You swing at nothing.
You closely miss the giant newt. The giant newt closely misses you.
You hit the giant newt.
You kill the giant newt!
A giant newt and an adder come into view.
The giant newt moves out of view.
Found 23 darts.
You barely miss the kobold.
You have got your breath back.
The kobold barely misses you.
You barely miss the kobold. The kobold hits you with a dagger.
* * * LOW HITPOINT WARNING * * *
You miss the kobold. The kobold hits you with a dagger.
* * * LOW HITPOINT WARNING * * *
You miss the kobold. The kobold hits you with a dagger.
* * * LOW HITPOINT WARNING * * *
Use which ability? (? or * to list)
Aim: an adder The splash of poison misses the adder.
You feel slightly more hungry. The adder bites you.
You die...

Action                   || total
-------------------------++-------
Melee: Unarmed           ||    27
 Abil: Spit Poison       ||     4

Vault maps used:
D:1:      dpeg_arrival_caged_fury
D:2:      minmay_misc_feat_enclosed

Notes
Turn   | Place    | Note
--------------------------------------------------------------
     0 | D:1      | Bloax, the Naga Monk, began the quest for the Orb.
     0 | D:1      | Reached XP level 1. HP: 21/21 MP: 1/1
   187 | D:2      | HP: 2/21 [kobold/dagger (5)]
   188 | D:2      | Slain by an adder

Vanquished Creatures
  A hobgoblin (D:1)
  A bat (D:2)
  3 giant newts (D:2)
  A kobold (D:2)
6 creatures vanquished.
